 Dungeon Crawl Stone Soup version 0.24.0-13-gcf9b3192b9 (webtiles) character file.

Game seed: 6105826274407327404, levelgen mode: deterministic

119 Matador8 the Poker (level 5, -14/45 HPs)
             Began as a Naga Skald on Nov 6, 2019.
             Blown up by Ijyb (32 damage)
             ... with a disintegration bolt
             ... on level 3 of the Dungeon.
             The game lasted 00:13:07 (3834 turns).

Matador8 the Poker (Naga Skald)                     Turns: 3834, Time: 00:13:08

Health: -14/45     AC:  4    Str: 13    XL:     5   Next: 3%
Magic:  8/8        EV:  9    Int: 15    God:
Gold:   110        SH:  0    Dex: 10    Spells: 2/8 levels left

rFire    . . .     SeeInvis +   a - +0 spear
rCold    . . .     Gourm    .   (no shield)
rNeg     . . .     Faith    .   b - +0 leather armour
rPois    +         Spirit   .   (no helmet)
rElec    .         Reflect  .   (no cloak)
rCorr    .         Harm     .   h - +0 pair of gloves
MR       .....                  (no barding)
Stlth    ++........             (no amulet)
HPRegen  0.15/turn              (no ring)
MPRegen  0.11/turn              (no ring)

@: short of breath, very slow
A: large, see invisible, deformed body, poison resistance, slowness 2, slow
metabolism 1, spit poison 1, AC +1
a: Spit Poison


You were on level 3 of the Dungeon.
You were not hungry.

You visited 1 branch of the dungeon, and saw 3 of its levels.

You collected 110 gold pieces.

Inventory:

Hand Weapons
 a - a +0 spear (weapon)
Missiles
 g - 11 poisoned darts (quivered)
 s - 3 javelins
Armour
 b - a +0 leather armour (worn)
 h - a +0 pair of gloves (worn)
Jewellery
 i - a cursed ring of attention {unknown}
 k - an uncursed ring of flight {unknown}
 v - an uncursed ring of stealth {unknown}
Scrolls
 e - a scroll of amnesia {unknown}
 f - a scroll of noise {unknown}
 l - a scroll of immolation {unknown}
 m - a scroll of magic mapping {unknown}
 n - a scroll of enchant armour {unknown}
 p - 2 scrolls of identify {unknown}
 u - a scroll of remove curse {unknown}
Potions
 c - a potion of might
 o - a potion of mutation {unknown}
 q - a potion of brilliance {unknown}
 r - a potion of heal wounds {unknown}
Comestibles
 d - 5 rations


   Skills:
 - Level 2.0 Fighting
 * Level 4.1 Polearms
 - Level 0.7 Armour
 - Level 1.5 Dodging
 - Level 2.0 Stealth
 - Level 2.0 Spellcasting
 + Level 1.7 Hexes
 - Level 3.2 Charms


You had 2 spell levels left.
You knew the following spells:

 Your Spells              Type           Power        Failure   Level  Hunger
a - Infusion              Chrm           ##..         8%          1    #......
b - Spectral Weapon       Hex/Chrm       #.......     30%         3    ###....
c - Shroud of Golubria    Chrm/Tloc      #.....       22%         2    ###....

Your spell library contained the following spells:

 Spells                   Type           Power        Failure   Level  Hunger
 Song of Slaying          Chrm           ##......     12%         2    ###....
 Regeneration             Chrm/Necr      #.........   41%         3    ###....


Dungeon Overview and Level Annotations

Branches:
Dungeon (3/15)

Altars:

Annotations:
D:2 1 runed translucent door, exclusion: door, Crazy Yiuf
D:3 Ijyb


Innate Abilities, Weirdness & Mutations

You cannot wear boots.
Your serpentine skin is tough. (AC +1)
You have supernaturally acute eyesight. (SInv)
Armour fits poorly on your strangely shaped body.
Your system is resistant to poisons. (rPois)
You cover ground very slowly.
You have a slow metabolism.
You can spit poison.


Message History

You kill the kobold!
Ijyb barely misses you. Ijyb hits you but does no damage.
You barely miss Ijyb. You hit Ijyb but do no damage. Ijyb misses you.
You barely miss Ijyb. Ijyb hits you.
You closely miss Ijyb. Ijyb hits you.
You hit Ijyb but do no damage.
Ijyb zaps a wand.
You are blasted!
You barely miss Ijyb. Ijyb barely misses you.
Press: ? - help, v - describe, . - travel
Here: Ijyb, wearing a +0 leather armour and carrying a wand of disintegration (11)
The floor.
Press: ? - help, Shift-Dir - straight line, f - Ijyb
Aim: Ijyb, wearing a +0 leather armour and carrying a wand of disintegration (11)
The splash of poison hits Ijyb but does no damage.
Ijyb is poisoned.
You feel slightly more hungry. Ijyb closely misses you.
You closely miss Ijyb.
Ijyb is lightly wounded.
Ijyb zaps a wand.
You are blasted!
Ouch! That really hurt!
You die...

.......# #..##... ##
##>.##.###.# ......(<..##
###........#
########.##....K####
#.......)###.......#
#...<......#...[##$###
#........@............
#........g....#.......?
#.............#.!........
#...(.......).#.##.###...
#.....>.###.<......# ...
######### #.....#### ..
###.### #.# #.#


You could see Ijyb.

Vanquished Creatures
  6 gnolls
  A dart slug (D:2)
  3 leopard geckos
  2 orcs
  10 goblins
  3 hobgoblins (D:1)
  3 jackals
  9 kobolds
  3 ball pythons
  3 bats
  A frilled lizard (D:3)
  7 rats
51 creatures vanquished.

Notes
Turn   | Place    | Note
-------+----------+-------------------------------------------
     0 | D:1      | Matador8 the Naga Skald began the quest for the Orb.
     0 | D:1      | Reached XP level 1. HP: 19/19 MP: 3/3
   160 | D:1      | Reached skill level 1 in Stealth
   164 | D:1      | Reached XP level 2. HP: 19/26 MP: 5/5
  1037 | D:1      | Reached XP level 3. HP: 31/32 MP: 6/6
  1042 | D:1      | Learned a level 3 spell: Spectral Weapon
  1236 | D:1      | Learned a level 2 spell: Shroud of Golubria
  1418 | D:2      | Reached skill level 3 in Polearms
  2217 | D:2      | Found a runed translucent door.
  2226 | D:2      | Reached skill level 1 in Hexes
  2226 | D:2      | Reached XP level 4. HP: 8/39 MP: 2/7
  2234 | D:2      | Noticed Crazy Yiuf
  3107 | D:3      | Noticed Ijyb
  3511 | D:3      | Reached skill level 4 in Polearms
  3562 | D:2      | Reached XP level 5. HP: 5/45 MP: 0/8
  3834 | D:3      | Blown up by Ijyb

Levels and vault maps discovered:
D:1:      grunt_arrival_crossed_arrows, layout_basic, minmay_misc_feat_roman,
          kennysheep_nondescript, minmay_cut_off
D:2:      layout_basic, uniq_crazy_yiuf_cottage
D:3:      layout_loops_cross, grunt_temple_overflow_opulence,
          chequers_ecumenical_altar_lobes, first_ration, skrybe_limestone_x,
          chequers_serial_rivers_room_a, lemuel_tele_altar, uniq_grinder,
          uniq_ijyb

Skill      XL: |  1  2  3  4 |
---------------+-------------+-----
Stealth        | 1 2 |  2.0
Polearms       | 3 4 |  4.1
Hexes          | 1 |  1.7
Fighting       | |  2.0
Armour         | |  0.7
Dodging        | |  1.5
Spellcasting   | |  2.0
Charms         | |  3.2

Action                   |  1- 3 |  4- 6 || total
-------------------------+-------+-------++-------
Melee: Spear             |   135 |    78 ||   213
 Cast: Infusion          |     3 |     2 ||     5
 Abil: Spit Poison       |     1 |     4 ||     5
  Use: Potion            |     1 |     1 ||     2
 Stab: Sleeping          |     1 |       ||     1
  Eat: Chunk             |     3 |     2 ||     5
       Ration            |       |     1 ||     1
Armor: Leather armour    |    29 |    20 ||    49
Dodge: Dodged            |    62 |    43 ||   105
